 Dungeon Crawl Stone Soup version 0.22.1-6-g1668fe2 (webtiles) character file.

15793 Kairos the Cleaver (level 12, 0/56 HPs)
             Began as a Vine Stalker Fighter on Jan 28, 2019.
             Was a High Priest of Okawaru.
             Engulfed by an ice statue's freezing vapour (17 damage)
             ... in an ice cave.
             The game lasted 00:24:31 (9832 turns).

Kairos the Cleaver (Vine Stalker Fighter)           Turns: 9832, Time: 00:24:31

Health: 0/56       AC: 11    Str: 23    XL:     12   Next: 30%
Magic:  0/23       EV: 33    Int: 10    God:    Okawaru [*****.]
Gold:   379        SH: 17    Dex: 15    Spells: 11/11 levels left

rFire    . . .     SeeInvis .   l - +2 broad axe (chop)
rCold    . . .     Gourm    .   c - +3 shield
rNeg     . . .     Faith    .   j - +0 chain mail
rPois    .         Spirit   +   i - +0 helmet
rElec    .         Reflect  .   (no cloak)
rCorr    .         Harm     .   y - +0 pair of gloves
MR       +....                  (no boots)
Stlth    ..........             q - amulet of the acrobat
HPRegen  0.98/turn              w - +5 ring of evasion
MPRegen  0.18/turn              t - ring of magical power

@: heroism, acrobat
A: fangs 3, blurry vision 1, clever 1, deformed body, frail 1, regeneration 2,
magic shield, antimagic bite, no potion heal 3, rot immunity
a: Heroism, Finesse, Renounce Religion


You were in an ice cave.
You worshipped Okawaru.
Okawaru was extremely pleased with you.
You were not hungry.

You visited 3 branches of the dungeon, and saw 13 of its levels.
You also visited: Ice Cave.

You collected 587 gold pieces.
You spent 208 gold pieces at shops.

Inventory:

Hand Weapons
 a - a +0 war axe
 k - a +3 flail
 l - a +2 broad axe of chopping (weapon)
 J - a +0 vampiric hand axe
Armour
 b - a +0 scale mail
 c - a +3 shield (worn)
 i - a +0 helmet (worn)
 j - a +0 chain mail (worn)
 y - a +0 pair of gloves (worn)
 H - a +0 plate armour
Jewellery
 q - an amulet of the acrobat (around neck)
 r - an uncursed ring of wizardry
 t - a ring of magical power (right hand)
 w - a +5 ring of evasion (left hand)
 A - an uncursed ring of wizardry
 G - an uncursed ring of see invisible
Wands
 D - a wand of polymorph (15)
 E - a wand of clouds (4)
 F - a wand of paralysis (15)
Scrolls
 h - 8 scrolls of remove curse
 m - 8 scrolls of teleportation
 n - a scroll of fear
 u - a scroll of blinking
 B - 2 scrolls of fog
 C - a scroll of brand weapon {unknown}
 I - 2 scrolls of magic mapping
Potions
 d - a potion of might
 e - 3 potions of curing
 g - 2 potions of cancellation
 o - 5 potions of flight
 p - 4 potions of haste
 s - 2 potions of agility {unknown}
 v - a potion of berserk rage {unknown}
 x - 6 potions of brilliance {unknown}
 z - 2 potions of ambrosia {unknown}
Comestibles
 f - 19 rations


   Skills:
 + Level 7.5(12.5) Fighting
 + Level 11.0(16.2) Axes
 + Level 3.0(12.7) Maces & Flails
 + Level 7.2(12.2) Armour
 + Level 3.6(8.6) Dodging
 + Level 1.5(6.5) Stealth
 + Level 9.1(14.1) Shields
 + Level 1.5 Invocations


You had 11 spell levels left.
You didn't know any spells.
Your spell library was empty.

Dungeon Overview and Level Annotations

Branches:
Dungeon (10/15)            Temple (1/1) D:4            Lair (2/6) D:10
  Swamp: Lair:2-4    Shoals: Lair:2-4     Snake: Lair:2-4    Spider: Lair:2-4
    Orc: D:9-12

Altars:
Ashenzari
Cheibriados
Dithmenos
Fedhas
Kikubaaqudgha
Makhleb
Nemelex Xobeh
Okawaru
Qazlal
Ru
Sif Muna
Uskayaw
Wu Jian
Yredelemnul

Shops:
D:8 !

Annotations:
D:9 2 transporters, dengdeng's ghost, novice MiBe IceCv exclusion: ice statue


Innate Abilities, Weirdness & Mutations

You have razor-sharp teeth.
You heal very quickly.
When hurt, damage is shared between your health and your magic reserves.
Your bite disrupts and absorbs the magic of your enemies.
Potions cannot restore your health.
You are immune to rotting.
Scrolls take you a little longer to read.
Your mind is acute. (Int +2)
Armour fits poorly on your strangely shaped body.
You are frail. (-10% HP)


Message History

You feel like a meek peon again.
HP restored.
Really walk into a travel-excluded area?
The ice statue gestures at you. The shard of ice misses you.
You gain the combat prowess of a mighty hero.
The ice statue gestures at you. The freezing blast engulfs you!
No reachable target in view!
No reachable target in view!
You are engulfed in freezing vapours.
The ice statue glitters chillingly in the dim dungeon light.
The ice statue gestures at you. The freezing blast engulfs you!
You hit the ice statue but do no damage.
You bite the ice statue, but do no damage.
You are engulfed in freezing vapours.
* * * LOW HITPOINT WARNING * * *
You are engulfed in freezing vapours.
You die...

##..## #....## #
##.....## #.
#.......## #..
##....§...# #.#
#..§§§§..## ###
#..##..§.§#...###
##..
#.§..§§##§.....###...
##.§@§.##......†#....
##§§§###....##†...##
#8§###....####..###
##.# #.....# #### ###
#....## ##...##
#...## #..## #..#


You could see an ice statue.

Vanquished Creatures
  A hydra (Lair:1)
  7 death yaks (D:10)
  A centaur zombie (D:10)
  A black mamba (Lair:1)
  Psyche (D:8)
  A spiny frog (Lair:1)
  7 polar bears (IceCv)
  Prince Ribbit (D:8)
  A shadow (D:10)
  Sigmund (D:4)
  8 yaks
  Eustachio (D:6)
  Edmund (D:4)
  5 water moccasins
  An orc warrior (D:10)
  4 porcupines
  2 soldier ants (D:8)
  A sky beast (D:8)
  2 black bears
  2 ice beasts (D:10)
  2 necrophages
  2 phantoms
  3 wolves (IceCv)
  3 centaurs
  7 ogres
  4 crocodiles (Lair:1)
  2 big kobolds (D:7)
  6 bullfrogs
  4 scorpions
  3 howler monkeys
  7 crimson imps
  3 jellies
  2 bullfrog skeletons
  2 centaur skeletons
  3 hounds
  6 orc priests
  12 orc wizards
  Jessica (D:3)
  5 iguanas
  11 worker ants
  A hound zombie (D:8)
  2 hound skeletons
  6 gnolls
  7 adders
  2 shadow imps
  An ooze (D:5)
  An adder zombie (D:7)
  2 adder skeletons
  6 worms
  3 dart slugs
  7 leopard geckos
  39 orcs
  A ball python (D:4)
  2 giant cockroaches
  5 goblins
  6 hobgoblins
  6 jackals
  8 kobolds
  3 quokkas
  5 bats
  7 frilled lizards
  A jackal skeleton (D:4)
  2 jackal zombies
  4 rats
264 creatures vanquished.

Notes
Turn   | Place    | Note
-------+----------+-------------------------------------------
     0 | D:1      | Kairos the Vine Stalker Fighter began the quest for the
                  | Orb.
     0 | D:1      | Reached XP level 1. HP: 11/11 MP: 2/2
    81 | D:1      | Reached XP level 2. HP: 15/16 MP: 3/3
   369 | D:1      | Reached skill level 2 in Axes
   659 | D:2      | Reached XP level 3. HP: 9/20 MP: 4/4
  1328 | D:3      | Noticed Jessica
  1331 | D:3      | Gained mutation: Your natural rate of healing is unusually
                  | fast. [Vine Stalker growth]
  1331 | D:3      | Reached XP level 4. HP: 24/24 MP: 5/5
  1341 | D:3      | Killed Jessica
  1534 | D:3      | Reached XP level 5. HP: 28/28 MP: 6/6
  1598 | D:3      | Reached skill level 3 in Axes
  2001 | D:4      | Found a snail-covered altar of Cheibriados.
  2060 | D:4      | Noticed an ogre
  2065 | D:4      | Killed an ogre
  2065 | D:4      | Reached XP level 6. HP: 32/32 MP: 7/7
  2221 | D:4      | Found a staircase to the Ecumenical Temple.
  2252 | D:4      | Reached skill level 4 in Axes
  2521 | Temple   | Entered the Ecumenical Temple
  2551 | Temple   | Became a worshipper of Warmaster Okawaru
  2794 | D:4      | Noticed Edmund
  2807 | D:4      | Killed Edmund
  2807 | D:4      | Reached skill level 1 in Stealth
  2807 | D:4      | Reached XP level 7. HP: 23/37 MP: 8/8
  3130 | D:4      | Noticed Sigmund
  3175 | D:4      | Killed Sigmund
  3175 | D:4      | Reached * piety under Okawaru
  3175 | D:4      | Reached skill level 5 in Axes
  3175 | D:4      | Reached skill level 1 in Dodging
  3269 | D:5      | Entered Level 5 of the Dungeon
  3572 | D:5      | Gained mutation: You have razor-sharp teeth. [Vine Stalker
                  | growth]
  3572 | D:5      | Reached XP level 8. HP: 36/42 MP: 9/9
  3768 | D:5      | Found a sacrificial altar of Ru.
  4463 | D:5      | Reached ** piety under Okawaru
  4463 | D:5      | Reached skill level 6 in Axes
  4581 | D:6      | Found a shadowy altar of Dithmenos.
  4582 | D:6      | Found a stormy altar of Qazlal.
  4782 | D:6      | Found a shattered altar of Ashenzari.
  4907 | D:6      | Noticed Eustachio
  4916 | D:6      | Killed Eustachio
  4921 | D:6      | Found a hide-covered altar of Uskayaw.
  5043 | D:6      | Reached skill level 5 in Shields
  5087 | D:6      | Found a deep blue altar of Sif Muna.
  5540 | D:7      | Reached XP level 9. HP: 46/46 MP: 10/10
  5808 | D:7      | Reached skill level 7 in Axes
  5998 | D:8      | Noticed Psyche
  6009 | D:8      | Killed Psyche
  6009 | D:8      | Reached *** piety under Okawaru
  6078 | D:8      | Found Buprumun's Distillery.
  6133 | D:8      | Received a gift from Okawaru
  6157 | D:8      | Reached skill level 5 in Armour
  6161 | D:8      | Reached skill level 8 in Axes
  6167 | D:8      | Reached skill level 5 in Fighting
  6246 | D:8      | Noticed Prince Ribbit
  6253 | D:8      | Killed Prince Ribbit
  6333 | D:8      | Reached **** piety under Okawaru
  6333 | D:8      | Reached XP level 10. HP: 51/51 MP: 11/11
  6719 | D:8      | Bought a potion of mutation for 104 gold pieces
  6719 | D:8      | Bought a potion of mutation for 104 gold pieces
  6719 | D:8      | Gained mutation: You have sharp fingernails. [potion of
                  | mutation]
  6719 | D:8      | Gained mutation: You have a somewhat thin skeletal
                  | structure. (Dex +2, Stealth) [potion of mutation]
  6720 | D:8      | Lost mutation: You have a somewhat thin skeletal structure.
                  | (Dex +2, Stealth) [potion of mutation]
  6720 | D:8      | Lost mutation: You have sharp fingernails. [potion of
                  | mutation]
  6720 | D:8      | Gained mutation: Your body sometimes deteriorates upon
                  | taking damage. [potion of mutation]
  6720 | D:8      | Gained mutation: Your muscles are strong. (Str +2) [potion
                  | of mutation]
  6721 | D:8      | Lost mutation: Your muscles are strong. (Str +2) [potion of
                  | mutation]
  6721 | D:8      | Lost mutation: Your body sometimes deteriorates upon taking
                  | damage. [potion of mutation]
  6721 | D:8      | Gained mutation: You are frail. (-10% HP) [potion of
                  | mutation]
  6721 | D:8      | Gained mutation: Scrolls take you a little longer to read.
                  | [potion of mutation]
  6721 | D:8      | Gained mutation: Armour fits poorly on your strangely
                  | shaped body. [potion of mutation]
  6721 | D:8      | Gained mutation: Your mind is acute. (Int +2) [potion of
                  | mutation]
  6754 | D:9      | Found a transporter.
  6767 | D:9      | Noticed dengdeng's ghost (novice MiBe)
  6950 | D:9      | Noticed a fire dragon
  7080 | D:9      | Found a transporter.
  7226 | D:10     | Entered Level 10 of the Dungeon
  7368 | D:10     | Reached skill level 9 in Axes
  7410 | D:10     | Noticed a death yak
  7426 | D:10     | Reached ***** piety under Okawaru
  7428 | D:10     | Noticed a death yak
  7432 | D:10     | Noticed a death yak
  7442 | D:10     | Noticed a death yak
  7444 | D:10     | Noticed a death yak
  7445 | D:10     | Noticed a death yak
  7447 | D:10     | Noticed a death yak
  7448 | D:10     | Killed a death yak
  7464 | D:10     | Killed a death yak
  7464 | D:10     | Reached XP level 11. HP: 50/50 MP: 12/12
  7473 | D:10     | Killed a death yak
  7480 | D:10     | Killed a death yak
  7480 | D:10     | Reached skill level 10 in Axes
  7489 | D:10     | Killed a death yak
  7489 | D:10     | Received a gift from Okawaru
  7489 | D:10     | Reached skill level 1 in Invocations
  7497 | D:10     | Killed a death yak
  7508 | D:10     | Killed a death yak
  7533 | D:10     | Found a staircase to the Lair.
  8055 | Lair:1   | Entered Level 1 of the Lair of Beasts
  8214 | Lair:1   | Noticed a five-headed hydra
  8503 | Lair:1   | Killed a five-headed hydra
  8564 | Lair:1   | Received a gift from Okawaru
  8602 | Lair:1   | Reached skill level 1 in Maces & Flails
  8890 | Lair:1   | Gained mutation: You heal very quickly. [Vine Stalker
                  | growth]
  8890 | Lair:1   | Reached XP level 12. HP: 56/56 MP: 14/14
  9587 | Lair:2   | Found a frozen archway.
  9631 | IceCv    | Entered an ice cave
  9671 | IceCv    | Reached skill level 11 in Axes
  9832 | IceCv    | Engulfed by an ice statue's freezing vapour

Skill      XL: |  1  2  3  4  5  6  7  8  9 10 11 12 |
---------------+-------------------------------------+-----
Fighting       | 3 4 5 6 7 |  7.5
Axes           | 2 3 4 5 6 8 9 10 11 | 11.0
Shields        | 3 4 5 6 8 9 |  9.1
Armour         | 3 4 5 6 7 |  7.2
Stealth        | 1 |  1.5
Dodging        | 1 2 3 |  3.6
Invocations    | 1 |  1.5
Maces & Flails | 1 3 |  3.0

Action                   |  1- 3 |  4- 6 |  7- 9 | 10-12 || total
-------------------------+-------+-------+-------+-------++-------
Melee: War axe           |    88 |    97 |   328 |    21 ||   534
       Bite              |    23 |    24 |   100 |   236 ||   383
       Hand axe          |       |       |       |   388 ||   388
       Flail             |       |       |       |    83 ||    83
       Broad axe         |       |       |       |    38 ||    38
Invok: Heroism           |       |       |     1 |    12 ||    13
  Use: Scroll            |     3 |       |     1 |    16 ||    20
       Potion            |       |       |       |     7 ||     7
  Eat: Chunk             |     1 |     5 |     5 |     4 ||    15
       Ration            |       |       |     2 |     7 ||     9
Armor: Scale mail        |    22 |       |       |       ||    22
       Chain mail        |    30 |    35 |    97 |    99 ||   261
Dodge: Dodged            |    30 |    32 |   143 |   204 ||   409
Block: Shield            |    46 |    59 |   197 |   321 ||   623
